 Dungeon Crawl Stone Soup version 0.25-a0-603-g0321be95db (webtiles) character file.

Game seed: 11392102628556893015, levelgen mode: deterministic

64 Notrik the Skirmisher (level 3, -15/30 HPs)
             Began as a Demonspawn Fighter on Mar 16, 2020.
             Demolished by an ogre
             ... wielding a +0 giant spiked club
              (22 damage)
             ... on level 2 of the Dungeon.
             The game lasted 00:04:03 (1104 turns).

Notrik the Skirmisher (Demonspawn Fighter)          Turns: 1104, Time: 00:04:04

Health: -15/30     AC:  7    Str: 17    XL:     3   Next: 91%
Magic:  3/3        EV:  6    Int:  9    God:
Gold:   57         SH:  8    Dex: 12    Spells: 2/2 levels left

rFire    . . .     SeeInvis .   a - +0 war axe
rCold    . . .     Gourm    .   c - +0 kite shield
rNeg     . . .     Faith    .   b - +0 scale mail
rPois    .         Spirit   .   (helmet restricted)
rElec    .         Reflect  .   i - +0 cloak
rCorr    .         Harm     .   (no gloves)
MR       .....                  (no boots)
Stlth    ..........             (no amulet)
HPRegen  0.10/turn              (no ring)
MPRegen  0.08/turn              (no ring)

@: no status effects
A: horns 1
a: no special abilities


You were on level 2 of the Dungeon.
You were not hungry.

You visited 1 branch of the dungeon, and saw 2 of its levels.

You collected 57 gold pieces.

Inventory:

Hand Weapons
 a - a +0 war axe (weapon)
Armour
 b - a +0 scale mail (worn)
 c - a +0 kite shield (worn)
 i - a +0 cloak (worn)
   (You found it on level 1 of the Dungeon)
Jewellery
 j - an uncursed amulet of regeneration {unknown}
   (You found it on level 1 of the Dungeon)
 o - an uncursed ring of fire {unknown}
   (You found it on level 2 of the Dungeon)
 p - an uncursed ring of protection from fire {unknown}
   (You found it on level 2 of the Dungeon)
Scrolls
 m - a scroll of remove curse {unknown}
 n - a scroll of teleportation {unknown}
Potions
 d - a potion of might
 g - 2 potions of curing {unknown}
 h - a potion of degeneration {unknown}
 k - 3 potions of flight {unknown}
 l - a potion of ambrosia {unknown}
Comestibles
 e - 4 rations {!d}
 f - 10 chunks of flesh


   Skills:
 + Level 4.0 Fighting
 + Level 3.0 Axes
 - Level 2.6 Armour
 - Level 2.6 Shields


You had 2 spell levels left.
You didn't know any spells.
Your spell library was empty.

Dungeon Overview and Level Annotations

Branches:
Dungeon (2/15)

Altars:


Innate Abilities, Weirdness & Mutations

You have a pair of small horns on your head.


Message History

No target in view!
No target in view!
No target in view!
No target in view!
No target in view!
No target in view!
No target in view!
No target in view!
No target in view!
No target in view!
No target in view!
No target in view!
No target in view!
No target in view!
No target in view!
No target in view!
You butcher the hobgoblin corpse.
f - 6 chunks of flesh (gained 3)
You butcher the hobgoblin corpse.
f - 10 chunks of flesh (gained 4)
Things that are here:
a hobgoblin skeleton x2
Things that are here:
a hobgoblin skeleton x2
k - 3 cyan potions (gained 1)
e - 3 rations {!d} (gained 1)
e - 4 rations {!d} (gained 1) As you open the door, it creaks loudly!
Found 9 gold pieces.
There is an open door here.
You now have 57 gold pieces (gained 9).
Found an inky potion.
g - 2 inky potions (gained 1)
A hobgoblin and an ogre come into view.
The hobgoblin shouts!
The ogre shouts!
A bat comes into view.
There is an open door here.
There are monsters nearby!
There are monsters nearby!
The ogre hits you with a +0 giant spiked club!
Your shield and scale mail prevent you from hitting the ogre.
The ogre hits you with a +0 giant spiked club!
* * * LOW HITPOINT WARNING * * *
You block the bat's attack.
There is an open door here.
You barely miss the bat. Your headbutt misses the bat.
The bat hits you but does no damage.
The ogre hits you with a +0 giant spiked club!!
Ouch! That really hurt!
You die...

................#
##....
................#
#....
....####.##.....#
....### ....#
#.###...#### ####
....#
#.##.......#
...##
#..........#
#.###
####.......#
....# #.......#
#...# ######@##
#...# ######O####
#...# #..b.g....#
#...#
......b....#
#...#
...........#
#...#
...........#
#...#
....#...#### #
....#.### # ...
#.


You could see an ogre, a hobgoblin and a bat.

Vanquished Creatures
  2 adders (D:2)
  2 oozes
  A dart slug (D:1)
  3 leopard geckos
  A bat (D:1)
  3 giant cockroaches
  7 hobgoblins
  A quokka (D:2)
  4 frilled lizards
  5 kobolds (D:1)
  3 rats
32 creatures vanquished.

Notes
Turn   | Place    | Note
-------+----------+-------------------------------------------
     0 | D:1      | Notrik the Demonspawn Fighter began the quest for the Orb.
     0 | D:1      | Reached XP level 1. HP: 18/18 MP: 1/1
   284 | D:1      | Gained mutation: You have a pair of small horns on your
                  | head. [demonic ancestry]
   284 | D:1      | Reached XP level 2. HP: 16/24 MP: 2/2
   647 | D:2      | Reached XP level 3. HP: 29/29 MP: 3/3
   893 | D:2      | Reached skill level 4 in Fighting
  1099 | D:2      | Noticed an ogre
  1104 | D:2      | Demolished by an ogre

Levels and vault maps discovered:
D:1:      giann_wishing_wells, layout_basic, chequers_serial_rivers_micro_b
D:2:      layout_basic, first_ration, serial_bayou_pond_a

Skill      XL: |  1  2  3 |
---------------+----------+-----
Axes           | 2 3 |  3.0
Fighting       | 4 |  4.0
Armour         | |  2.6
Shields        | |  2.6

Action                   || total
-------------------------++-------
Melee: War axe           ||    90
       Headbutt          ||     4
  Eat: Chunk             ||     1
Armor: Scale mail        ||    38
Dodge: Dodged            ||    21
Block: Kite shield       ||    51

Table legend:
 A = Non-vault XP
 B = Vault XP
 C = Vault XP percentage of total XP
 D = Non-vault monster count
 E = Vault monster count
 F = Vault count percentage of total count
                 A         B        C        D         E       F
            +---------+---------+-------+---------+---------+-------
      Total |      92 |       0 |   0.0 |      32 |       0 |   0.0
            +---------+---------+-------+---------+---------+-------
        D:1 |      39 |       0 |   0.0 |      18 |       0 |   0.0
        D:2 |      53 |       0 |   0.0 |      14 |       0 |   0.0
            +---------+---------+-------+---------+---------+-------
